TOP OF THE 1ST |
El Dorado Oilers batting - Pitching for Niagara Falls Frenzy : RHP George Nelson
|
Pitching: RHP George Nelson
|
|
Batting: RHB Nick Webb
|
0-0: Called Strike 0-1: Foul Ball, location: 2F 0-2: Ground out 3-1 (Groundball, 34S)
|
Batting: LHB Ashley Pickhills
|
0-0: Fly out, F8 (Flyball, 8RXD)
|
Batting: LHB Al Gaines
|
0-0: Called Strike 0-1: Swinging Strike 0-2: DOUBLE (Line Drive, 8RD)
|
Batting: RHB Valentín Borges
|
0-0: Called Strike 0-1: Ball 1-1: Swinging Strike 1-2: Ball 2-2: Ground out 4-3 (Groundball, 34)
|
Top of the 1st over - 0 run(s), 1 hit(s), 0 error(s), 1 left on base; El Dorado 0 - Niagara Falls 0 |
BOTTOM OF THE 1ST |
Niagara Falls Frenzy batting - Pitching for El Dorado Oilers : RHP Barton Johnson
|
Pitching: RHP Barton Johnson
|
|
Batting: RHB Kel Pierce
|
0-0: Ground out 4-3 (Groundball, 4)
|
Batting: LHB Yasuhiko Onodera
|
0-0: Ball 1-0: Ball 2-0: Called Strike 2-1: Ball 3-1: Ground out 6-3 (Groundball, 6)
|
Batting: LHB Clyde Yarbrough
|
0-0: Called Strike 0-1: Ball 1-1: Fly out, F2 (Popup, 13)
|
Bottom of the 1st over - 0 run(s), 0 hit(s), 0 error(s), 0 left on base; El Dorado 0 - Niagara Falls 0 |
TOP OF THE 2ND |
El Dorado Oilers batting - Pitching for Niagara Falls Frenzy : RHP George Nelson
|
Batting: LHB José Hernández
|
0-0: Ball 1-0: Fly out, F8 (Flyball, 8RM)
|
Batting: RHB Sixto Vélez
|
0-0: Swinging Strike 0-1: Ball 1-1: Foul Ball, location: 2F 1-2: Strikes out looking
|
Batting: SHB Anastasio Ortíz
|
0-0: Called Strike 0-1: Ground out 6-3 (Groundball, 6)
|
Top of the 2nd over - 0 run(s), 0 hit(s), 0 error(s), 0 left on base; El Dorado 0 - Niagara Falls 0 |
BOTTOM OF THE 2ND |
Niagara Falls Frenzy batting - Pitching for El Dorado Oilers : RHP Barton Johnson
|
Batting: SHB Martín De Jesús
|
0-0: Ball 1-0: Called Strike 1-1: Ball 2-1: DOUBLE (Line Drive, 78XD)
|
Batting: RHB Zander Tremblett
|
0-0: Fly out, F8 (Flyball, 89S)
|
Batting: RHB Anastasio Villa
|
0-0: Ball 1-0: Foul Ball, location: 2F 1-1: Ball 2-1: Ground out 1-3 (Groundball, 15)
|
Batting: RHB Tomás Estrada
|
0-0: Ball 1-0: Ball 2-0: SINGLE (Groundball, 6D) Martín De Jesús to third Throwing error, E7 Martín De Jesús scores Tomás Estrada to second
|
Batting: RHB Jung-ha Kim
|
0-0: Ball 1-0: Ball 2-0: Ground out 1-3 (Groundball, 13)
|
Bottom of the 2nd over - 1 run(s), 2 hit(s), 1 error(s), 1 left on base; El Dorado 0 - Niagara Falls 1 |
TOP OF THE 3RD |
El Dorado Oilers batting - Pitching for Niagara Falls Frenzy : RHP George Nelson
|
Batting: RHB José Carlos Caraballo
|
0-0: Ground out 5-3 (Groundball, 56S)
|
Batting: RHB Chris Parker
|
0-0: Ball 1-0: Ball 2-0: Called Strike 2-1: Called Strike 2-2: Ball 3-2: Foul Ball, location: 2F 3-2: Base on Balls
|
Batting: RHB Nick Webb
|
0-0: Ball 1-0: Foul Ball, location: 2F 1-1: Ball Wild Pitch! Chris Parker to second 2-1: Ball 3-1: Called Strike 3-2: Foul Ball, location: 2F 3-2: Foul Ball, location: 2F 3-2: Ground out 4-3 (Groundball, 4) Chris Parker to third
|
Batting: LHB Ashley Pickhills
|
0-0: Called Strike 0-1: Ball 1-1: Ball 2-1: Fly out, F8 (Flyball, 8LM)
|
Top of the 3rd over - 0 run(s), 0 hit(s), 0 error(s), 1 left on base; El Dorado 0 - Niagara Falls 1 |
BOTTOM OF THE 3RD |
Niagara Falls Frenzy batting - Pitching for El Dorado Oilers : RHP Barton Johnson
|
Batting: RHB Santiago Zambrano
|
0-0: Ball 1-0: Called Strike 1-1: Fly out, F9 (Line Drive, 9LS)
|
Batting: RHB Kel Pierce
|
0-0: Swinging Strike 0-1: Ball 1-1: Swinging Strike 1-2: Foul Ball, location: 2F 1-2: Strikes out swinging
|
Batting: LHB Yasuhiko Onodera
|
0-0: Ball 1-0: Foul Ball, location: 2F 1-1: Called Strike 1-2: Ball 2-2: Strikes out looking
|
Bottom of the 3rd over - 0 run(s), 0 hit(s), 0 error(s), 0 left on base; El Dorado 0 - Niagara Falls 1 |
TOP OF THE 4TH |
El Dorado Oilers batting - Pitching for Niagara Falls Frenzy : RHP George Nelson
|
Batting: LHB Al Gaines
|
0-0: Ground out 4-3 (Groundball, 4)
|
Batting: RHB Valentín Borges
|
0-0: Ball 1-0: Foul Ball, location: 2F 1-1: Foul Ball, location: 2F 1-2: Foul Ball, location: 2F 1-2: Foul Ball, location: 2F 1-2: Ball 2-2: Foul Ball, location: 2F 2-2: Strikes out swinging
|
Batting: LHB José Hernández
|
0-0: Ground out U3 (Groundball, 3)
|
Top of the 4th over - 0 run(s), 0 hit(s), 0 error(s), 0 left on base; El Dorado 0 - Niagara Falls 1 |
BOTTOM OF THE 4TH |
Niagara Falls Frenzy batting - Pitching for El Dorado Oilers : RHP Barton Johnson
|
Batting: LHB Clyde Yarbrough
|
0-0: Ball 1-0: Called Strike 1-1: Foul Ball, location: 2F 1-2: Ball 2-2: Ground out U3 (Groundball, 34)
|
Batting: SHB Martín De Jesús
|
0-0: Ball 1-0: Called Strike 1-1: Swinging Strike 1-2: SINGLE (Groundball, 13) (infield hit)
|
Batting: RHB Zander Tremblett
|
0-0: Called Strike 0-1: Swinging Strike 0-2: Foul Ball, location: 2F 0-2: Strikes out swinging
|
Batting: RHB Anastasio Villa
|
0-0: Ball 1-0: Called Strike 1-1: Ground out 6-3 (Groundball, 56)
|
Bottom of the 4th over - 0 run(s), 1 hit(s), 0 error(s), 1 left on base; El Dorado 0 - Niagara Falls 1 |
TOP OF THE 5TH |
El Dorado Oilers batting - Pitching for Niagara Falls Frenzy : RHP George Nelson
|
Batting: RHB Sixto Vélez
|
0-0: Ball 1-0: Ball 2-0: Called Strike 2-1: Ground out 5-3 (Groundball, 5S)
|
Batting: SHB Anastasio Ortíz
|
0-0: Swinging Strike 0-1: Fly out, F7 (Flyball, 78D)
|
Batting: RHB José Carlos Caraballo
|
0-0: Called Strike 0-1: SINGLE (Groundball, 34D)
|
Batting: RHB Chris Parker
|
0-0: Called Strike 0-1: Ball 1-1: Ball 2-1: Ball 3-1: Foul Ball, location: 2F 3-2: Foul Ball, location: 2F 3-2: DOUBLE (Line Drive, 89D) José Carlos Caraballo to third José Carlos Caraballo scores
|
Batting: RHB Nick Webb
|
0-0: Swinging Strike 0-1: Ball 1-1: SINGLE (Groundball, 4) (infield hit) Chris Parker to third
|
Batting: LHB Ashley Pickhills
|
0-0: Foul Ball, location: 2F 0-1: Ball 1-1: Foul Ball, location: 2F 1-2: Ball 2-2: SINGLE (Groundball, 4MD) Chris Parker scores Nick Webb to second
|
Batting: LHB Al Gaines
|
0-0: Ball 1-0: Ball 2-0: Called Strike 2-1: Foul Ball, location: 2F 2-2: Strikes out swinging
|
Top of the 5th over - 2 run(s), 4 hit(s), 0 error(s), 2 left on base; El Dorado 2 - Niagara Falls 1 |
BOTTOM OF THE 5TH |
Niagara Falls Frenzy batting - Pitching for El Dorado Oilers : RHP Barton Johnson
|
Batting: RHB Tomás Estrada
|
0-0: Ball 1-0: Ball 2-0: Fly out, F8 (Flyball, 8LM)
|
Batting: RHB Jung-ha Kim
|
0-0: Ball 1-0: Called Strike 1-1: Ball 2-1: Foul Ball, location: 2F 2-2: Strikes out swinging
|
Batting: RHB Santiago Zambrano
|
0-0: Foul Ball, location: 2F 0-1: Ball 1-1: Foul Ball, location: 2F 1-2: Ball 2-2: Foul Ball, location: 2F 2-2: Ball 3-2: Base on Balls
|
Batting: RHB Kel Pierce
|
0-0: Called Strike Santiago Zambrano steals 2nd base 0-1: Ground out 5-3 (Groundball, 56S)
|
Bottom of the 5th over - 0 run(s), 0 hit(s), 0 error(s), 1 left on base; El Dorado 2 - Niagara Falls 1 |
TOP OF THE 6TH |
El Dorado Oilers batting - Pitching for Niagara Falls Frenzy : RHP George Nelson
|
Batting: RHB Valentín Borges
|
0-0: Called Strike 0-1: Ground out 6-3 (Groundball, 6)
|
Batting: LHB José Hernández
|
0-0: Ball 1-0: Ball 2-0: Ball 3-0: Base on Balls
|
Batting: RHB Sixto Vélez
|
0-0: Grounds into double play, 4-6-3 (Groundball, 4M)
|
Top of the 6th over - 0 run(s), 0 hit(s), 0 error(s), 0 left on base; El Dorado 2 - Niagara Falls 1 |
BOTTOM OF THE 6TH |
Niagara Falls Frenzy batting - Pitching for El Dorado Oilers : RHP Barton Johnson
|
Batting: LHB Yasuhiko Onodera
|
0-0: Ball 1-0: Swinging Strike 1-1: Foul Ball, location: 2F 1-2: Ball 2-2: Ball 3-2: Foul Ball, location: 2F 3-2: Fly out, F8 (Flyball, 8LS)
|
Batting: LHB Clyde Yarbrough
|
0-0: Called Strike 0-1: SOLO HOME RUN (Flyball, 9D), Distance : 402 ft
|
Batting: SHB Martín De Jesús
|
0-0: Ball 1-0: Ball 2-0: Fly out, F8 (Flyball, 78D)
|
Batting: RHB Zander Tremblett
|
0-0: Foul Ball, location: 2F 0-1: Ball 1-1: Fly out, F8 (Flyball, 8LD)
|
Bottom of the 6th over - 1 run(s), 1 hit(s), 0 error(s), 0 left on base; El Dorado 2 - Niagara Falls 2 |
TOP OF THE 7TH |
El Dorado Oilers batting - Pitching for Niagara Falls Frenzy : RHP George Nelson
|
Batting: SHB Anastasio Ortíz
|
0-0: Ball 1-0: Ground out 3-1 (Groundball, 34S)
|
Batting: RHB José Carlos Caraballo
|
0-0: Called Strike 0-1: Called Strike 0-2: Ground out 1-3 (Groundball, 13)
|
Batting: RHB Chris Parker
|
0-0: Fly out, F8 (Flyball, 8LXD)
|
Top of the 7th over - 0 run(s), 0 hit(s), 0 error(s), 0 left on base; El Dorado 2 - Niagara Falls 2 |
BOTTOM OF THE 7TH |
Niagara Falls Frenzy batting - Pitching for El Dorado Oilers : RHP Barton Johnson
|
Batting: RHB Anastasio Villa
|
0-0: Ball 1-0: Called Strike 1-1: Swinging Strike 1-2: Ball 2-2: Ball 3-2: Strikes out swinging
|
Batting: RHB Tomás Estrada
|
0-0: Ball 1-0: Ball 2-0: Ground out 4-3 (Groundball, 4)
|
Batting: RHB Jung-ha Kim
|
0-0: Foul Ball, location: 2F 0-1: Called Strike 0-2: Fly out, F8 (Flyball, 8RS)
|
Bottom of the 7th over - 0 run(s), 0 hit(s), 0 error(s), 0 left on base; El Dorado 2 - Niagara Falls 2 |
TOP OF THE 8TH |
El Dorado Oilers batting - Pitching for Niagara Falls Frenzy : RHP George Nelson
|
Batting: RHB Nick Webb
|
0-0: Foul Ball, location: 2F 0-1: Ball 1-1: Ground out 6-3 (Groundball, 6)
|
Batting: LHB Ashley Pickhills
|
0-0: Called Strike 0-1: SINGLE (Groundball, 4) (infield hit)
|
Batting: LHB Al Gaines
|
0-0: Ball 1-0: Ball 2-0: Foul Ball, location: 2F 2-1: Ball 3-1: Called Strike 3-2: SINGLE (Line Drive, 89S) Ashley Pickhills to second
|
Pitching: RHP Kimitada Takai
|
|
Batting: RHB Valentín Borges
|
0-0: Called Strike Ashley Pickhills steals 3rd base Al Gaines to second 0-1: Called Strike 0-2: Strikes out looking
|
Batting: LHB José Hernández
|
0-0: Called Strike 0-1: Ball 1-1: DOUBLE (Line Drive, 9D) Ashley Pickhills scores Al Gaines scores
|
Batting: RHB Sixto Vélez
|
0-0: Ball 1-0: Ball 2-0: Called Strike 2-1: Ball 3-1: Base on Balls
|
Batting: SHB Anastasio Ortíz
|
0-0: Ball 1-0: Foul Ball, location: 2F 1-1: Ball 2-1: SINGLE (Line Drive, 4) José Hernández to third Sixto Vélez to second
|
Batting: RHB José Carlos Caraballo
|
0-0: Fly out, F9 (Flyball, 9S)
|
Top of the 8th over - 2 run(s), 4 hit(s), 0 error(s), 3 left on base; El Dorado 4 - Niagara Falls 2 |
BOTTOM OF THE 8TH |
Niagara Falls Frenzy batting - Pitching for El Dorado Oilers : RHP Barton Johnson
|
Batting: RHB Santiago Zambrano
|
0-0: Foul Ball, location: 2F 0-1: Swinging Strike 0-2: Foul Ball, location: 2F 0-2: Ball 1-2: Foul Ball, location: 2F 1-2: Strikes out swinging, 2-3 out at first.
|
Batting: RHB Kel Pierce
|
0-0: Called Strike 0-1: Ball 1-1: Called Strike 1-2: Foul Ball, location: 2F 1-2: Foul Ball, location: 2F 1-2: Foul Ball, location: 2F 1-2: SOLO HOME RUN (Flyball, 89XD), Distance : 417 ft
|
Batting: LHB Yasuhiko Onodera
|
0-0: Called Strike 0-1: Foul Ball, location: 2F 0-2: Fly out, F8 (Line Drive, 8LD)
|
Batting: LHB Clyde Yarbrough
|
0-0: Ground out 5-3 (Groundball, 56S)
|
Bottom of the 8th over - 1 run(s), 1 hit(s), 0 error(s), 0 left on base; El Dorado 4 - Niagara Falls 3 |
TOP OF THE 9TH |
El Dorado Oilers batting - Pitching for Niagara Falls Frenzy : RHP Kimitada Takai
|
Pitching: RHP Esteban Juárez
|
|
Batting: RHB Chris Parker
|
0-0: Ball 1-0: Foul Ball, location: 2F 1-1: Foul Ball, location: 2F 1-2: Fly out, F2 (Popup, 25)
|
Batting: RHB Nick Webb
|
0-0: Called Strike 0-1: Ball 1-1: Foul Ball, location: 2F 1-2: Foul Ball, location: 2F 1-2: Ground out 6-3 (Groundball, 6)
|
Batting: LHB Ashley Pickhills
|
0-0: Called Strike 0-1: Ball 1-1: Swinging Strike 1-2: Ground out 4-3 (Groundball, 4S)
|
Top of the 9th over - 0 run(s), 0 hit(s), 0 error(s), 0 left on base; El Dorado 4 - Niagara Falls 3 |
BOTTOM OF THE 9TH |
Niagara Falls Frenzy batting - Pitching for El Dorado Oilers : RHP Barton Johnson
|
Pitching: RHP Kuang-yin Yue
|
|
Batting: SHB Martín De Jesús
|
0-0: Ball 1-0: Ball 2-0: Ball 3-0: Called Strike 3-1: TRIPLE (Flyball, 89XD)
|
Batting: RHB Zander Tremblett
|
0-0: Foul Ball, location: 2F 0-1: Foul Ball, location: 2F 0-2: Ball 1-2: Ground out U3 (Groundball, 3L)
|
Batting: RHB Anastasio Villa
|
0-0: Foul Ball, location: 2F 0-1: Called Strike 0-2: Foul Ball, location: 2F 0-2: Strikes out swinging
|
Pinch Hitting: LHB Jerry Johnston
|
0-0: Called Strike 0-1: Ball 1-1: Ball 2-1: Foul Ball, location: 2F 2-2: Strikes out looking
|
Bottom of the 9th over - 0 run(s), 1 hit(s), 0 error(s), 1 left on base; El Dorado 4 - Niagara Falls 3 |
|